 Dungeon Crawl Stone Soup version bcrawl-1.37.1 (webtiles) character file.

Game seed: 4281111375869997844

371148 Mehrunes the Destroyer (level 10, -6/58 HPs)
             Began as an Avariel Conjurer on Oct 23, 2022.
             Was a Believer of Vehumet.
             Mangled by a bullfrog (9 damage)
             ... on level 6 of the Dungeon on Oct 24, 2022.
             The game lasted 00:15:16 (5578 turns).

Mehrunes the Destroyer (Avariel Conjurer)           Turns: 5578, Time: 00:15:16

Health: -6/58      AC:  4    Str:  9    XL:     10   Next: 14%
Magic:  2/21       EV: 18    Int: 22    God:    Vehumet [**....]
Gold:   346        SH:  0    Dex: 13    Spells: 5/21 levels left

rFire    + + .     GDR:     25% F - staff of fire
rCold    + . .     SeeInvis .   (no shield)
rNeg     . . .     Gourm    .   a - +0 robe
rPois    +         Faith    .   (no helmet)
rElec    +         Spirit   .   (no cloak)
rCorr    +         Reflect  .   A - +1 pair of gloves
MR       ++...                  (no boots)
Stlth    ++........             (no amulet)
HPRegen  0.19/turn              u - ring of protection from magic
MPRegen  0.17/turn              f - ring of poison resistance

@: resistant, sap magic, flying quickly and evasively, slightly contaminated,
extremely magic sapped, quick
A: able to fly
a: Stop Flying, Renounce Religion


You were on level 6 of the Dungeon.
You worshipped Vehumet.
Vehumet was pleased with you.
You were near starving.

You visited 1 branch of the dungeon, and saw 7 of its levels.

You collected 346 gold pieces.

Inventory:

Hand Weapons
 o - a +0 club
Missiles
 b - a throwing net {=f}
Armour
 a - a +0 robe (worn)
 n - a +1 pair of gloves
 q - a +0 pair of gloves
 s - a cursed +0 pair of gloves
 A - a +1 pair of gloves (worn)
 E - a +0 helmet
Magical Staves
 F - an uncursed staff of fire (weapon)
Jewellery
 f - a ring of poison resistance (right hand)
 m - a +3 ring of dexterity
 u - a ring of protection from magic (left hand)
 z - the cursed ring "Zaex" {Fire Str+3, unknown}
   (You found it on level 4 of the Dungeon)

   [ring of fire]

   It enhances your fire magic.
   It affects your strength (+3).
   It protects you from fire.
   It makes you vulnerable to cold.
   It has a curse placed upon it.
Wands
 x - a wand of paralysis (7)
 y - a wand of flame (19)
Scrolls
 d - a scroll of teleportation
 h - 8 scrolls of remove curse {unknown}
 i - 5 scrolls of identify
 j - 2 scrolls of enchant armour
 k - a scroll of fear
 t - 2 scrolls of fog {unknown}
 v - 2 scrolls of amnesia {unknown}
Potions
 g - a potion of might {unknown}
 l - a potion of lignification
 p - a potion of flight {unknown}
 w - a potion of berserk rage {unknown}
 D - a potion of invisibility {unknown}
Comestibles
 e - 7 rations {!d}


   Skills:
 + Level 4.4 Fighting
 - Level 6.0 Dodging
 - Level 2.1 Stealth
 - Level 6.0 Spellcasting
 - Level 14.0 Conjurations
 - Level 4.0 Transmutations


You had 5 spell levels left.
You knew the following spells:

 Your Spells              Type           Power        Failure   Level  Hunger
a - Magic Dart            Conj           ####         7%          1    None
b - Searing Ray           Conj           ######..     7%          2    None
c - Iskenderun's Mystic   Conj           ######..     9%          3    ##.....
d - Fulminant Prism       Conj/Hex       #####.....   24%         4    ####...
e - Irradiate             Conj/Tmut      #####.....   26%         5    #####..
f - Flame Tongue          Conj/Fire      #####        12%         1    None

Your spell library contained the following spells:

 Spells                   Type           Power        Failure   Level  Hunger
 Shock                    Conj/Air       #####..      13%         2    None


Dungeon Overview and Level Annotations

Branches:
Dungeon (7/12)
 Temple: D:4-7         Lair: D:7-9

Altars:
Hepliaklqana
Kikubaaqudgha
Nemelex Xobeh
Sif Muna
Vehumet
Zin

Annotations:
D:3 Sigmund


Innate Abilities, Weirdness & Mutations

You can fly continuously.


Message History

The necrophage hits you but does no damage.
You feel less wooden.
Your +1 pair of gloves unmelds from your body.
Your +0 robe unmelds from your body.
The necrophage misses you.
Okay, then.
The adder hisses angrily.
The necrophage closely misses you.
A rune on the stairs sparks and fizzles.
You fly upwards.
The bullfrog croaks.
An iguana comes into view.
The hound barks!
The iguana hisses angrily.
The bullfrog barely misses you. The orc closely misses you.
The orc priest calls down the wrath of Beogh upon you.
Beogh smites you!
* * * LOW HITPOINT WARNING * * *
The orc wizard gestures at you while chanting.
The puff of flame misses you.
The puff of flame hits the bullfrog!
The bullfrog hits you!
You die...

######...$......o..
#..................
#...(.......###.o..
#.....#.##### ...
#.......# c.
#!.....## .
#....#.# ##..
#...oo.###.....
#....#.@.o.....
#.....noF......
###..###.[...o.
#.... ..h....
...... .5.....
.....#### ....o..
###.# #...... ..
#..... .#


You could see an orc warrior, a necrophage, a bullfrog, a hound, an orc wizard,
a crimson imp, 2 orc priests and 2 orcs.

Vanquished Creatures
  A two-headed ogre (D:5)
  The ghost of yrara the Chopper, a novice DsFi (D:5)
  Grinder (D:4)
  Prince Ribbit (D:5)
  A hippogriff (D:7)
  2 trolls
  Menkaure (D:5)
  A sky beast (D:4)
  An orc warrior (D:7)
  A black bear (D:5)
  An ogre (D:5)
  A bullfrog (D:5)
  Blork the orc (D:5)
  2 centaurs (D:6)
  2 killer bees
  A howler monkey (D:4)
  2 orc priests (D:3)
  A crimson imp (D:7)
  2 jellies
  A bullfrog zombie (D:5)
  4 hounds
  2 iguanas
  4 orc wizards
  Jessica (D:3)
  4 worker ants
  A killer bee zombie (D:5)
  A hound skeleton (D:5)
  2 worker ant zombies (D:5)
  7 gnolls (D:4)
  A howler monkey skeleton (D:5)
  5 adders
  2 oozes (D:5)
  An adder skeleton (D:7)
  An adder zombie (D:5)
  4 worms
  3 dart slugs
  3 leopard geckos
  18 orcs
  8 bats
  A giant cockroach (D:1)
  6 goblins
  5 hobgoblins
  4 jackals
  10 kobolds
  3 quokkas
  2 ball pythons
  6 frilled lizards
  4 rats
138 creatures vanquished.

Vanquished Creatures (others)
  2 fulminant prisms
2 creatures vanquished.

Grand Total: 140 creatures vanquished

Notes
Turn   | Place    | Note
-------+----------+-------------------------------------------
     0 | D:1      | Mehrunes the Avariel Conjurer began the quest for the Orb.
     0 | D:1      | Reached XP level 1. HP: 10/10 MP: 6/6
   381 | D:1      | Reached XP level 2. HP: 15/15 MP: 4/7
   386 | D:1      | Reached skill level 6 in Conjurations
   612 | D:1      | Learned a level 2 spell: Searing Ray
   902 | D:1      | Reached XP level 3. HP: 19/19 MP: 7/9
  1520 | D:2      | Reached skill level 7 in Conjurations
  1619 | D:2      | Reached XP level 4. HP: 24/24 MP: 8/10
  1822 | D:3      | Learned a level 3 spell: Iskenderun's Mystic Blast
  2073 | D:3      | Reached skill level 8 in Conjurations
  2073 | D:3      | Reached XP level 5. HP: 15/28 MP: 4/11
  2252 | D:3      | Reached skill level 9 in Conjurations
  2421 | D:3      | Noticed Jessica
  2423 | D:3      | Killed Jessica
  2424 | D:3      | Reached XP level 6. HP: 30/32 MP: 8/12
  2530 | D:3      | Noticed Sigmund
  2783 | D:4      | Found a hazy altar of Hepliaklqana.
  2793 | D:4      | Noticed a sky beast
  2797 | D:4      | Killed a sky beast
  2798 | D:4      | Reached skill level 10 in Conjurations
  3107 | D:4      | Found a radiant altar of Vehumet.
  3118 | D:4      | Got a crude pewter ring
  3125 | D:4      | Reached XP level 7. HP: 36/36 MP: 7/15
  3153 | D:4      | Became a worshipper of Vehumet
  3293 | D:4      | Reached skill level 5 in Spellcasting
  3615 | D:4      | Noticed Grinder
  3621 | D:4      | Killed Grinder
  4145 | D:5      | Entered Level 5 of the Dungeon
  4220 | D:5      | Noticed Prince Ribbit
  4227 | D:5      | Learned a level 4 spell: Fulminant Prism
  4233 | D:5      | Learned a level 5 spell: Irradiate
  4235 | D:5      | Reached XP level 8. HP: 34/41 MP: 15/19
  4274 | D:5      | Reached skill level 5 in Dodging
  4386 | D:5      | Reached * piety under Vehumet
  4386 | D:5      | Offered knowledge of Flame Tongue by Vehumet.
  4390 | D:5      | Learned a level 1 spell: Flame Tongue
  4392 | D:5      | Found an ancient bone altar of Kikubaaqudgha.
  4392 | D:5      | Found a glowing silver altar of Zin.
  4393 | D:5      | Found a sparkling altar of Nemelex Xobeh.
  4394 | D:5      | Noticed a troll
  4402 | D:5      | Killed a troll
  4457 | D:5      | Found a shimmering blue altar of Sif Muna.
  4701 | D:5      | Killed Prince Ribbit
  4736 | D:5      | Noticed a two-headed ogre
  4742 | D:5      | Killed a two-headed ogre
  4743 | D:5      | Reached skill level 12 in Conjurations
  4743 | D:5      | Gained mutation: You can fly continuously. [Avariel growth]
  4743 | D:5      | Reached XP level 9. HP: 45/45 MP: 3/20
  5009 | D:5      | Found a runed translucent gate.
  5009 | D:5      | Found a runed translucent gate.
  5009 | D:5      | Found a runed translucent gate.
  5010 | D:5      | Noticed yrara's ghost (novice DsFi)
  5089 | D:5      | Noticed Blork the orc
  5094 | D:5      | Killed Blork the orc
  5097 | D:5      | Noticed Menkaure
  5101 | D:5      | Killed Menkaure
  5439 | D:5      | Reached skill level 13 in Conjurations
  5452 | D:5      | Killed yrara's ghost
  5539 | D:7      | Noticed a troll
  5540 | D:7      | Reached skill level 14 in Conjurations
  5549 | D:7      | Offered knowledge of Shock by Vehumet.
  5550 | D:7      | Reached XP level 10. HP: 50/54 MP: 15/21
  5551 | D:7      | Reached ** piety under Vehumet
  5578 | D:6      | Mangled by a bullfrog

Skill      XL: |  1  2  3  4  5  6  7  8  9 10 |
---------------+-------------------------------+-----
Conjurations   | 6 7 8 9 10 12 14 | 14.0
Spellcasting   | 4 6 |  6.0
Dodging        | 4 6 |  6.0
Transmutations | 4 |  4.0
Fighting       | 2 4 |  4.4
Stealth        | |  2.1

Action                   |  1- 3 |  4- 6 |  7- 9 | 10-12 || total
-------------------------+-------+-------+-------+-------++-------
Melee: Club              |       |     2 |     4 |       ||     6
 Cast: Magic Dart        |    63 |    53 |    36 |     2 ||   154
       Searing Ray       |       |     5 |    15 |       ||    20
       Iskenderun's Myst |       |    11 |    35 |       ||    46
       Flame Tongue      |       |       |     5 |       ||     5
       Irradiate         |       |       |     4 |     3 ||     7
       Fulminant Prism   |       |       |     2 |       ||     2
  Use: Potion            |       |       |     4 |     1 ||     5
       Scroll            |       |       |       |     3 ||     3
  Eat: Chunk             |     3 |     8 |    11 |       ||    22
Armor: Robe              |     3 |     4 |    11 |       ||    18
       Skin              |       |       |    42 |    58 ||   100
Dodge: Dodged            |     4 |    12 |    41 |     7 ||    64
